 Dungeon Crawl Stone Soup version 0.31-a0-185-g9dded2c639 (webtiles) character file.

Game seed: 15189807366623656362

31 qw the Shooter (level 3, 0/20 HPs)
             Began as a Deep Elf Hunter on June 22, 2023.
             Succumbed to an adder's poison
             ... on level 2 of the Dungeon.
             The game lasted 00:00:18 (669 turns).

qw the Shooter (Deep Elf Hunter)                     Turns: 669, Time: 00:00:19

Health: 0/20       AC:  3    Str: 10    XL:     3   Next: 7%
Magic:  5/5        EV: 12    Int: 13    God:
Gold:   103        SH:  0    Dex: 18    Spells: 2/2 levels left

rFire   . . .        Y - +0 shortbow
rCold   . . .        (shield currently unavailable)
rNeg    . . .        c - +0 leather armour
rPois   .            (no helmet)
rElec   .            (no cloak)
rCorr   .            (no gloves)
SInv    .            (no boots)
Will    .....        (no amulet)
Stlth   ++           (no ring)
HPRegen 0.23/turn    (no ring)
MPRegen 0.09/turn

%: no passive effects
@: lethally poisoned (0 -> -8)
A: no striking features
a: no special abilities


You were on level 2 of the Dungeon.
You visited 1 branch of the dungeon, and saw 2 of its levels.

You collected 103 gold pieces.


   Skills:
 - Level 1.5 Fighting
 + Level 6.7 Ranged Weapons
 - Level 2.4 Dodging
 - Level 1.2 Stealth


You had 2 spell levels left.
You didn't know any spells.
Your spell library was empty.

Inventory:

Hand Weapons
 Y - a +0 shortbow (weapon)
Armour
 c - a +0 leather armour (worn)
Potions
 d - a potion of heal wounds {unknown}
 e - a potion of magic {unknown}

Dungeon Overview and Level Annotations

Branches:
Dungeon (2/15)

Altars:


Message History

An adder comes into view. x2
You shoot an arrow. The arrow closely misses the adder.
The adder hisses angrily. x2
You shoot an arrow. The arrow misses the adder.
You shoot an arrow. The arrow hits the adder.
The adder is heavily wounded.
The adder closely misses you.
You shoot an arrow. The arrow barely misses the adder.
The adder closely misses you. The adder barely misses you.
You shoot an arrow. The arrow closely misses the adder.
The adder barely misses you. The adder bites you.
The adder bites you but does no damage.
You shoot an arrow. The arrow hits the adder.
The adder is almost dead.
The adder misses you. The adder closely misses you.
You shoot an arrow. The arrow misses the adder.
The adder bites you but does no damage. x2; The adder bites you.
You shoot an arrow.
The arrow hits the adder but does no damage.
The adder is almost dead.
The adder bites you but does no damage. The adder bites you.
The adder barely misses you.
You shoot an arrow. The arrow closely misses the adder.
The adder bites you.
You are poisoned.
The adder poisons you! The adder misses you. The adder bites you.
You are more poisoned.
The adder poisons you!
You shoot an arrow. The arrow closely misses the adder.
You feel very sick. The adder bites you. The adder barely misses you. x2
You shoot an arrow. The arrow barely misses the adder.
You feel sick. The adder bites you. The adder bites you but does no damage.
The adder closely misses you.
You shoot an arrow. The arrow barely misses the adder.
You feel sick. The adder bites you.
You are more poisoned.
The adder poisons you! The adder bites you.
You shoot an arrow. The arrow closely misses the adder.
You die...

... ### #.. ..#
#... #)# #... #.#
#...#.# ###%.$#.#
.. ......S.####
.## #..S@...# #..
#...###.# ##.##
#######.#### #....
#.......# #....
#.##.##.# ####..##
#.##.##.###.....#.
#.##........##.##.
#.#####.######.#)#
#.......# #..##


You could see 2 adders.

Vanquished Creatures
  4 endoplasms (D:1)
  2 giant cockroaches
  6 goblins
  A hobgoblin (D:1)
  2 kobolds
  3 quokkas (D:1)
  3 ball pythons (D:1)
  A bat (D:1)
  2 frilled lizards
  4 rats (D:1)
28 creatures vanquished.

Notes
Turn   | Place    | Note
-------+----------+-------------------------------------------
     0 | D:1      | qw the Deep Elf Hunter began the quest for the Orb.
     0 | D:1      | Reached XP level 1. HP: 12/12 MP: 3/3
     0 | D:1      | 0 ||| qw: Version: 0.3-a-9-g12657ce
     0 | D:1      | 0 ||| qw: Game counter: 1721
     0 | D:1      | 0 ||| qw: Always use a shield: true
     0 | D:1      | 0 ||| qw: God list: Okawaru
     0 | D:1      | 0 ||| qw: Allow faded altars: false
     0 | D:1      | 0 ||| qw: Do Orc after D:15 true
     0 | D:1      | 0 ||| qw: Do second Lair branch before Depths: true
     0 | D:1      | 0 ||| qw: Lair rune preference: random
     0 | D:1      | 0 ||| qw: Plans: Normal
     0 | D:1      | 0 ||| PLANNING D:1-11
   122 | D:1      | Reached skill level 6 in Ranged Weapons
   122 | D:1      | Reached XP level 2. HP: 16/16 MP: 4/4
   153 | D:1      | 153 ||| DROPPING scroll of butterflies.
   363 | D:1      | Found a faded altar of an unknown god.
   589 | D:1      | 589 ||| READING scroll labelled VAETTA HOEXKEH.
   605 | D:2      | Reached XP level 3. HP: 20/20 MP: 5/5
   667 | D:2      | HP: 5/20 [adder (1)]
   668 | D:2      | HP: 2/20 [adder (1)]
   669 | D:2      | Succumbed to an adder's poison

Levels and vault maps discovered:
D:1:      dpeg_arrival_triangle_fractal, layout_basic,
          hellmonk_ecumenical_altar_lost_god,
          nicolae_concentric_dashed_squares_mild, minmay_hedge_maze
D:2:      layout_loops_cross, minmay_misc_feat_pillars

Skill      XL: |  1 |
---------------+----+-----
Ranged Weapons | 6 |  6.7
Fighting       | |  1.5
Dodging        | |  2.4
Stealth        | |  1.2

Action                     || total
---------------------------++-------
   Fire: Shortbow          ||    88
    Use: Scroll            ||     1
 Armour: Leather armour    ||    10
  Dodge: Dodged            ||    21

Table legend:
 A = Non-vault XP
 B = Vault XP
 C = Vault XP percentage of total XP
 D = Non-vault monster count
 E = Vault monster count
 F = Vault count percentage of total count
                 A         B        C        D         E       F
            +---------+---------+-------+---------+---------+-------
      Total |      45 |       0 |   0.0 |      28 |       0 |   0.0
            +---------+---------+-------+---------+---------+-------
        D:1 |      39 |       0 |   0.0 |      24 |       0 |   0.0
        D:2 |       6 |       0 |   0.0 |       4 |       0 |   0.0
            +---------+---------+-------+---------+---------+-------
